 Dungeon Crawl Stone Soup version 0.23.0-28-g6fe0f4d (webtiles) character file.

Game seed: 15223137948811727001

352 Semilg the Slasher (level 6, 0/53 HPs)
             Began as a Minotaur Monk on Feb 25, 2019.
             Was a Believer of Yredelemnul.
             Slain by Menkaure (11 damage)
             ... on level 4 of the Dungeon.
             The game lasted 00:19:06 (2975 turns).

Semilg the Slasher (Minotaur Monk)                  Turns: 2975, Time: 00:19:06

Health: 0/53       AC: 13    Str: 17    XL:     6   Next: 35%
Magic:  5/5        EV:  6    Int:  7    God:    Yredelemnul [**....]
Gold:   295        SH:  0    Dex: 13    Spells: 5/5 levels left

rFire    . . .     SeeInvis .   a - +1 falchion
rCold    . . .     Gourm    .   (no shield)
rNeg     . . .     Faith    .   b - +0 plate armour
rPois    +         Spirit   .   (helmet restricted)
rElec    .         Reflect  .   g - +0 cloak {rPois}
rCorr    .         Harm     .   (no gloves)
MR       +....                  k - +0 pair of boots
Stlth    ..........             (no amulet)
HPRegen  0.17/turn              v - ring of protection from magic
MPRegen  0.09/turn              (no ring)

@: no status effects
A: retaliatory headbutt, horns 2
a: Animate Remains, Recall Undead Slaves, Injury Mirror, Renounce Religion


You were on level 4 of the Dungeon.
You worshipped Yredelemnul.
Yredelemnul was pleased with you.
You were hungry.

You visited 1 branch of the dungeon, and saw 4 of its levels.

You collected 295 gold pieces.

Inventory:

Hand Weapons
 a - a +1 falchion (weapon)
 f - a +0 hand axe
 q - a +0 flail
Armour
 b - a +0 plate armour (worn)
 g - a +0 cloak of poison resistance (worn)
 k - a +0 pair of boots (worn)
Jewellery
 v - a ring of protection from magic (left hand)
Wands
 m - a wand of flame (7)
Scrolls
 d - a scroll of blinking
 e - a scroll of teleportation
 i - 2 scrolls of remove curse
 u - a scroll of identify
Potions
 h - 2 potions of heal wounds {unknown}
 l - 2 potions of haste
 n - 2 potions of flight {unknown}
 o - a potion of resistance {unknown}
 p - 4 potions of curing
 r - 2 potions of might
 t - a potion of lignification {unknown}
Comestibles
 c - 3 rations


   Skills:
 + Level 4.5 Fighting
 + Level 6.6 Long Blades
 + Level 2.0 Armour
 + Level 4.7 Dodging
 + Level 2.0 Stealth
 + Level 0.4 Invocations


You had 5 spell levels left.
You didn't know any spells.
Your spell library contained the following spells:

 Spells                   Type           Power        Failure   Level  Hunger
 Animate Skeleton         Necr           N/A          100%        1    ##.....
 Apportation              Tloc           #.....       100%        1    ##.....
 Confusing Touch          Hex            #.....       100%        1    ##.....
 Summon Small Mammal      Summ           #...         100%        1    ##.....


Dungeon Overview and Level Annotations

Branches:
Dungeon (4/15)             Temple (0/1) D:4

Altars:
Nemelex Xobeh
Trog
Yredelemnul
The Shining One

Annotations:
D:4 Menkaure


Innate Abilities, Weirdness & Mutations

You reflexively headbutt those who attack you in melee.
You have a pair of horns on your head.


Message History

You slash Menkaure! You headbutt Menkaure!
Menkaure is severely damaged.
Menkaure calls on the powers of darkness!
Your body is wracked with pain!
You hit Menkaure.
Menkaure is severely damaged.
Menkaure hits you!
* * * LOW HITPOINT WARNING * * *
You are too injured to fight recklessly!
You hit Menkaure but do no damage.
Menkaure is severely damaged.
Your plate armour prevents you from hitting Menkaure.
Menkaure is severely damaged.
Menkaure gestures wildly while chanting.
Menkaure seems to speed up.
Your plate armour prevents you from hitting Menkaure.
Menkaure is severely damaged.
Menkaure hits you!
You die...
Your body rises from the dead as a mindless zombie.

*****##......[...#
##............#####
##..............##
#.<..............#
#................#
#................#
#................#
#...M.%..........#
#....@...........#
##..............##
##.../.##.....##
##############


You could see Menkaure.

Vanquished Creatures
  An ogre (D:4)
  Terence (D:2)
  An orc wizard (D:3)
  Ijyb (D:4)
  2 worker ants (D:4)
  A hound skeleton (D:4)
  4 adders
  2 oozes (D:1)
  An adder skeleton (D:4)
  A worm (D:2)
  A dart slug (D:3)
  3 leopard geckos
  8 orcs
  12 bats
  3 giant cockroaches
  6 hobgoblins
  9 jackals
  A quokka (D:4)
  7 frilled lizards
  7 goblins
  2 kobolds (D:1)
  9 rats
83 creatures vanquished.

Vanquished Creatures (collateral kills)
  A goblin (D:3)
1 creature vanquished.

Vanquished Creatures (others)
  An orc skeleton (D:3)
1 creature vanquished.

Grand Total: 85 creatures vanquished

Notes
Turn   | Place    | Note
-------+----------+-------------------------------------------
     0 | D:1      | Semilg the Minotaur Monk began the quest for the Orb.
     0 | D:1      | Reached XP level 1. HP: 19/19 MP: 0/0
   185 | D:1      | Reached XP level 2. HP: 27/27 MP: 1/1
   569 | D:1      | Reached skill level 4 in Long Blades
   660 | D:2      | Reached XP level 3. HP: 32/33 MP: 2/2
   947 | D:2      | Noticed Terence
   965 | D:2      | Killed Terence
   965 | D:2      | Reached XP level 4. HP: 5/41 MP: 3/3
  1367 | D:2      | Found a glowing golden altar of the Shining One.
  1370 | D:2      | Noticed an angel
  1387 | D:2      | Found a basalt altar of Yredelemnul.
  1389 | D:2      | Noticed a profane servitor
  1396 | D:2      | Became a worshipper of Yredelemnul the Dark
  1396 | D:2      | Reached * piety under Yredelemnul
  1396 | D:2      | Reached ** piety under Yredelemnul
  1796 | D:3      | Reached skill level 5 in Long Blades
  2102 | D:3      | Reached XP level 5. HP: 47/47 MP: 4/4
  2491 | D:4      | Noticed Ijyb
  2491 | D:4      | Noticed an ogre
  2496 | D:4      | Killed an ogre
  2496 | D:4      | Reached skill level 6 in Long Blades
  2496 | D:4      | Reached skill level 1 in Armour
  2496 | D:4      | Reached XP level 6. HP: 27/53 MP: 5/5
  2536 | D:4      | Killed Ijyb
  2580 | D:4      | Found a staircase to the Ecumenical Temple.
  2791 | D:4      | Found a bloodstained altar of Trog.
  2829 | D:4      | Found a sparkling altar of Nemelex Xobeh.
  2964 | D:4      | Noticed Menkaure
  2975 | D:4      | Slain by Menkaure

Skill      XL: |  1  2  3  4  5  6 |
---------------+-------------------+-----
Fighting       | 4 |  4.5
Long Blades    | 4 5 6 |  6.6
Dodging        | 4 |  4.7
Stealth        | 2 |  2.0
Armour         | 1 2 |  2.0
Invocations    | |  0.4

Action                   |  1- 3 |  4- 6 || total
-------------------------+-------+-------++-------
Melee: Falchion          |    84 |   105 ||   189
       Headbutt          |    10 |    21 ||    31
Invok: Animate Remains   |       |     1 ||     1
       Recall Undead Sla |       |     1 ||     1
       Injury Mirror     |       |     1 ||     1
  Use: Scroll            |     6 |     8 ||    14
       Potion            |       |     3 ||     3
 Stab: Sleeping          |     1 |       ||     1
  Eat: Chunk             |       |     6 ||     6
Armor: Robe              |    23 |       ||    23
       Scale mail        |       |    26 ||    26
       Chain mail        |       |    20 ||    20
       Plate armour      |       |     1 ||     1
Dodge: Dodged            |    72 |    59 ||   131
       Rpst.: Falchion   |    17 |    13 ||    30
